 Seeded DCSS version 0.30.1-4-g462c640d31 (webtiles) character file.

Game seed: 15660985446129201502 (custom seed)

145 AccursedSamuel the Ducker (level 5, -11/33 HPs)
             Began as a Tengu Monk on Sept 14, 2023.
             Was a Priest of Jiyva.
             Killed by divine providence
             ... invoked by an orc priest
              (16 damage)
             ... on level 3 of the Dungeon.
             The game lasted 00:03:46 (1855 turns).

AccursedSamuel the Ducker (Tengu Monk)              Turns: 1855, Time: 00:03:46

Health: -11/33     AC:  9    Str: 11    XL:     5   Next: 27%
Magic:  6/6        EV: 18    Int:  9    God:    Jiyva [***...]
Gold:   224        SH:  0    Dex: 24    Spells: 4/4 levels left

rFire   . . .        f - +2 rapier (drain)
rCold   . . .        d - orb {light}
rNeg    . . .        b - +0 robe
rPois   .            (helmet restricted)
rElec   .            p - +2 cloak
rCorr   +            (no gloves)
SInv    .            (boots unavailable)
Will    .....        (no amulet)
Stlth   ++           n - +4 ring of protection
HPRegen 1.37/turn    (no ring)
MPRegen 0.45/turn

%: no passive effects
@: flying quickly and evasively, glowing, quick
A: beak, talons 3, nimble flight, agile 2, translucent skin 2
a: Renounce Religion, Oozemancy


You were on level 3 of the Dungeon.
You worshipped Jiyva.
Jiyva was most pleased with you.
You visited 1 branch of the dungeon, and saw 3 of its levels.

You collected 224 gold pieces.

Inventory:

Hand Weapons
 f - a +2 rapier of draining (weapon)
 o - a +3 quarterstaff of chaos
Armour
 b - a +0 robe (worn)
 d - an orb of light (worn)
 p - a +2 cloak (worn)
Jewellery
 n - a +4 ring of protection (left hand)
Scrolls
 e - 2 scrolls of teleportation {unknown}
 j - a scroll of identify {unknown}
 k - a scroll of immolation {unknown}
Potions
 c - a potion of ambrosia
 g - a potion of curing {unknown}
 h - 2 potions of magic {unknown}
 i - a potion of heal wounds {unknown}
 l - a potion of attraction {unknown}
 m - a potion of flight {unknown}


   Skills:
 + Level 3.7 Fighting
 + Level 2.9 Short Blades
 + Level 3.8 Polearms
 + Level 4.3 Dodging
 + Level 0.5 Stealth


You had 4 spell levels left.
You didn't know any spells.
Your spell library contained the following spells:

 Spells                   Type           Power      Damage    Failure   Level
 Cigotuvi's Dreadful Rot  Necr/Pois/Air  0%         N/A       52%         2
 Ignite Poison            Fire/Tmut/Pois 0%         N/A       77%         3
 Dispel Undead            Necr           0%         3d6       99%         4
 Sticky Flame             Conj/Fire      0%         2d3       99%         4
 Death Channel            Necr           0%         N/A       100%        6
 Ignition                 Fire           0%         3d3       100%        8


Dungeon Overview and Level Annotations

Branches:
Dungeon (3/15)

Altars:
Jiyva


Innate Abilities, Weirdness & Mutations

You have a beak for a mouth.
You have claws for feet.
Your magical nature lets you fly swiftly and evasively.
You are very agile. (Dex +8, Str/Int -2)
Your translucent skin reduces your foes' accuracy. (Stealth+)


Message History

The orc shouts!
You hear a shout! x2
There is a stone staircase leading down here.
An orc is nearby!
An orc priest comes into view. It is wielding a +0 short sword.
The orc priest shouts!
You hear a shout!
The orc misses you.
An orc comes into view. It is wielding a +0 flail.
You puncture the orc!
You kill the orc!
An orc comes into view. It is wielding a +0 dagger.
The orc priest looks satisfied for a moment.
The orc shouts!
Items here: $ ) [ †.
An orc priest comes into view. It is wielding a +0 hand axe.
The orc priest mumbles some strange prayers to Beogh against you.
Beogh smites you! The orc barely misses you.
The orc priest calls down the wrath of Beogh upon you.
Beogh smites you!
You hit the orc. You claw the orc.
The orc is almost dead.
The orc completely misses you.
You hit the orc.
You kill the orc!
You have reached level 5!
Your magical nature develops, letting you fly swiftly and evasively.
You barely miss the orc priest. You claw the orc priest.
The orc priest is heavily wounded.
The orc priest begins to cast a cantrip, but forgets the words!
The orc priest invokes the aid of Beogh against you.
Beogh smites you!
* * * LOW HITPOINT WARNING * * *
You puncture the orc priest!
You kill the orc priest!
You hit the orc. You drain the orc.
The orc is heavily wounded.
The orc hits you but does no damage.
The orc priest mumbles some strange prayers to Beogh against you.
Beogh smites you!
You die...

# ### ### # .. ... ... # #.# #.#
#.# # #. #.# #.# #.# # #.##.# #o#
#.# # #.##.####.####.# ######
#.......o@.)...#
.....###.....#.####..>#
.###...........# #.#.#
#######......### #.#.###########
............#######.#...........#
#######...#...........#########.#
# ##..#########.### #.# # ##.#
#.# #.. ###### #.# #.# ###


You could see an orc priest and an orc (very drained).

Vanquished Creatures
  Crazy Yiuf (D:2)
  An orc priest (D:3)
  Jessica (D:2)
  An adder (D:2)
  2 dart slugs
  2 orcs (D:3)
  4 endoplasms
  2 giant cockroaches (D:2)
  5 goblins
  4 hobgoblins
  4 kobolds
  4 quokkas
  3 ball pythons
  2 bats (D:1)
  7 frilled lizards
  7 rats
  A spectral kobold (D:2)
51 creatures vanquished.

Vanquished Creatures (others)
  A jelly (D:3)
  A goblin (D:3)
  A hobgoblin (D:3)
  A kobold (D:2)
  A quokka (D:2)
5 creatures vanquished.

Grand Total: 56 creatures vanquished

Notes
Turn   | Place    | Note
-------+----------+-------------------------------------------
     0 | D:1      | AccursedSamuel the Tengu Monk began the quest for the Orb.
     0 | D:1      | Reached XP level 1. HP: 14/14 MP: 2/2
    79 | D:1      | Reached XP level 2. HP: 19/19 MP: 3/3
   150 | D:1      | Identified a scroll of acquirement
   150 | D:1      | Acquired a +2 rapier of draining
   551 | D:1      | Reached XP level 3. HP: 23/23 MP: 4/4
   899 | D:2      | Noticed Jessica
   906 | D:2      | Killed Jessica
   907 | D:2      | Reached skill level 1 in Short Blades
   976 | D:2      | Reached skill level 4 in Dodging
   987 | D:2      | Reached XP level 4. HP: 27/28 MP: 5/5
  1250 | D:2      | Found a faded altar of an unknown god.
  1278 | D:2      | Prayed at the altar of an unknown god.
  1278 | D:2      | Became a worshipper of Jiyva Jeklatzi the Shapeless
  1278 | D:2      | Reached * piety under Jiyva
  1278 | D:2      | Reached ** piety under Jiyva
  1356 | D:2      | Found a runed translucent door.
  1357 | D:2      | Noticed Crazy Yiuf
  1460 | D:2      | Reached *** piety under Jiyva
  1665 | D:2      | Killed Crazy Yiuf
  1766 | D:3      | Gained mutation: You are agile. (Dex +4, Str/Int -1)
                  | [Jiyva's grace]
  1766 | D:3      | Gained mutation: You are very agile. (Dex +8, Str/Int -2)
                  | [Jiyva's grace]
  1766 | D:3      | Gained mutation: Your translucent skin slightly reduces
                  | your foes' accuracy. (Stealth+) [Jiyva's grace]
  1766 | D:3      | Gained mutation: Your translucent skin reduces your foes'
                  | accuracy. (Stealth+) [Jiyva's grace]
  1853 | D:3      | Gained mutation: Your magical nature lets you fly swiftly
                  | and evasively. [Tengu growth]
  1853 | D:3      | Reached XP level 5. HP: 13/33 MP: 6/6
  1855 | D:3      | Killed from afar by an orc priest

Illustrated notes

Levels and vault maps discovered:
D:1:      minmay_arrival_pointy, layout_loops_ring, minmay_gold_behind_fungi
D:2:      layout_basic, dreamdust_ecumenical_altar_drowned_temple,
          hangedman_decor_clover_reticule, fountainhead,
          uniq_crazy_yiuf_cottage, uniq_jessica
D:3:      layout_loops_ring, general_overflow_altar, serial_bayou_pond_d

Skill      XL: |  1  2  3  4 |
---------------+-------------+-----
Short Blades   | 1 2 |  2.9
Dodging        | 4 |  4.3
Fighting       | |  3.7
Polearms       | |  3.8
Stealth        | |  0.5

Action                     |  1- 3 |  4- 6 || total
---------------------------+-------+-------++-------
  Melee: Spear             |    22 |       ||    22
         Kick              |    15 |     5 ||    20
         Peck              |     3 |     6 ||     9
         Rapier            |    30 |    34 ||    64
    Use: Scroll            |     1 |       ||     1
 Armour: Robe              |    11 |     5 ||    16
  Dodge: Dodged            |    53 |    23 ||    76
